 Dungeon Crawl Stone Soup version 0.14-a0-1590-g25a9b7f (webtiles) character file.

666 Piginabag the Bolt Thrower (level 7, -4/43 HPs)
             Began as a Formicid Hunter on Dec 24, 2013.
             Was an Initiate of Okawaru.
             Slain by an orc warrior
             ... wielding a +0,+1 orcish broad axe
              (21 damage)
             ... on Level 5 of the Dungeon.
             The game lasted 00:15:00 (3357 turns).

Piginabag the Bolt Thrower (Formicid Hunter)        Turns: 3357, Time: 00:15:01

HP  -4/43        AC  6     Str 19      XL: 7   Next: 61%
MP   7/7         EV 12     Int 10      God: Okawaru [......]
Gold 184         SH  0     Dex 11      Spells:  0 memorised,  6 levels left

rFire  . . .     SeeInvis +     b - +1 crossbow
rCold  . . .     Clarity  .     d - +0 leather armour
rNeg   . . .     Conserve .     (no shield)
rPois  x         rCorr    .     (helmet unavailable)
rElec  .         rRot     .     I - +0 cloak
SustAb . .       Spirit   .     C - +0 pair of gloves
rMut   .         Warding  .     (no boots)
Saprov . . .     Stasis   +     (no amulet)
                                (no ring)
                                (no ring)

@: invisible, very slightly contaminated, slightly resistant to hostile
enchantments, unstealthy
A: permanent stasis, dig shafts and tunnels, four strong arms, poison weakness,
antennae 3, exoskeleton 1
a: Dig, Shaft Self, Renounce Religion


You were on level 5 of the Dungeon.
You worshipped Okawaru.
Okawaru was noncommittal.
You were not hungry.

You visited 2 branches of the dungeon, and saw 7 of its levels.

You collected 184 gold pieces.

Inventory:

Hand weapons
 b - a +1,+1 crossbow (weapon)
 t - a -1,+0 orcish hand axe
 F - a +0 blowgun
Missiles
 s - 2 bolts of frost (quivered)
 w - 9 poisoned needles
Armour
 d - a +0 leather armour (worn)
 C - a +0 pair of gloves (worn)
 I - a +0 cloak (worn)
Magical devices
 c - a wand of confusion (0)
 A - a wand of digging (19) {unknown}
Comestibles
 f - a bread ration
 p - an orange
 z - a pear
 K - a snozzcumber
Scrolls
 e - 6 scrolls of identify {unknown}
 g - a scroll of blinking {unknown}
 i - a scroll of enchant weapon II {unknown}
 j - 4 scrolls of teleportation {unknown}
 k - 2 scrolls of curse jewellery {unknown}
 l - a scroll of magic mapping {unknown}
 q - 3 scrolls of recharging {unknown}
 r - a scroll of immolation {unknown}
 y - 5 scrolls of remove curse {unknown}
 D - a scroll of noise {unknown}
 J - a scroll of enchant weapon I {unknown}
Jewellery
 h - an uncursed amulet of inaccuracy {unknown}
 B - an uncursed amulet of conservation {unknown}
 E - an uncursed amulet of faith {unknown}
Potions
 a - a potion of brilliance {unknown}
 n - a potion of curing
 o - 2 potions of heal wounds {unknown}
 u - a potion of beneficial mutation {unknown}
 v - 2 potions of speed {unknown}
 x - 2 potions of might {unknown}


   Skills:
 + Level 1.0 Fighting
 + Level 1.0 Axes
 + Level 7.3 Crossbows
 + Level 2.6 Armour
 + Level 3.0 Dodging
 + Level 1.4 Stealth


You had 6 spell levels left.
You didn't know any spells.

Dungeon Overview and Level Annotations

Branches:
Dungeon (6/16)             Temple (1/1) D:4

Altars:
Nemelex Xobeh
Okawaru
Vehumet
Yredelemnul

Shops:
D:4 (([

Annotations:
D:6 Grinder


Innate Abilities, Weirdness & Mutations

Your are under a permanent stasis effect.
You can dig through walls and to a lower floor.
Your four strong arms can wield any weapon, most with a shield.
You are susceptible to poison.
You have a pair of large antennae on your head (SInv).
Your body is surrounded by an exoskeleton. (HP +5, AC +1)


Message History

You shoot a poisoned needle.
The poisoned needle misses the orc warrior.
The poisoned needle hits the orc.
The orc warrior barely misses you.
Firing (i - inventory):
w - 11 poisoned needles (quivered)
Press: ? - help, Shift-Dir - straight line, f/p - orc warrior
Aim: an orc warrior, wielding an orcish broad axe and wearing an orcish plate armour (heavily wounded)
You shoot a poisoned needle.
The poisoned needle hits the orc warrior.
The orc warrior is poisoned.
The orc warrior is heavily wounded.
The orc looks more healthy.
Firing (i - inventory):
w - 10 poisoned needles (quivered)
Press: ? - help, Shift-Dir - straight line, f/p - orc warrior
Aim: an orc warrior, wielding an orcish broad axe and wearing an orcish plate armour (heavily wounded, poisoned)
You shoot a poisoned needle.
The poisoned needle hits the orc warrior.
The orc warrior is heavily wounded.
b - a +1,+1 crossbow (weapon)
The orc warrior hits you with an orcish broad axe!
You die...

##.......#%.#
...........
##.....###(#
..###....... #######
#.# #....... #.#
#.####.. ####(#
#....... #...(#
##########.. #...o#
#...######.# #...o#
#(......##.#
####@#####.......##.#
#......(.........#
##....############
#....# # #...## #
#####


You could see an orc warrior and an orc.

Vanquished Creatures
  An ogre (D:5)
  A crimson imp (D:5)
  A hound (D:5)
  An iguana (D:5)
  A scorpion (D:5)
  An orc wizard (D:3)
  2 worker ants
  Ijyb (D:4)
  A hound skeleton (D:4)
  3 adders
  2 giant mites
  An inept feature mimic (D:4)
  2 worms (D:2)
  7 giant geckos
  5 orcs
  3 ball pythons
  3 giant cockroaches
  11 goblins
  13 hobgoblins
  3 jackals (D:4)
  15 bats
  2 giant gecko skeletons (D:5)
  5 giant newts
  A hobgoblin skeleton (D:4)
  21 kobolds
  A kobold skeleton (D:4)
  An orc skeleton (D:5)
  A quokka (D:5)
  10 rats
  A rat skeleton (D:4)
121 creatures vanquished.

Notes
Turn   | Place    | Note
--------------------------------------------------------------
     0 | D:1      | Piginabag, the Formicid Hunter, began the quest for the Orb.
     0 | D:1      | Reached XP level 1. HP: 17/17 MP: 1/1
    71 | D:1      | Reached XP level 2. HP: 21/21 MP: 2/2
   286 | D:1      | Reached XP level 3. HP: 25/25 MP: 3/3
   481 | D:1      | Reached skill level 1 in Armour
   627 | D:1      | Reached skill level 5 in Crossbows
   627 | D:1      | Reached XP level 4. HP: 30/30 MP: 4/4
  1124 | D:2      | Reached XP level 5. HP: 34/34 MP: 5/5
  1887 | D:4      | Found Xisavaecrir's Weapon Shoppe.
  2081 | D:4      | Found Ashom's Antique Weapon Shop.
  2123 | D:4      | Reached XP level 6. HP: 39/39 MP: 6/6
  2144 | D:4      | Reached skill level 6 in Crossbows
  2156 | D:4      | Noticed Ijyb
  2183 | D:4      | Killed Ijyb
  2218 | D:4      | Found Qadepp's Armour Emporium.
  2370 | D:4      | Found a staircase to the Ecumenical Temple.
  2381 | Temple   | Entered the Ecumenical Temple
  2385 | Temple   | Became a worshipper of Warmaster Okawaru
  2723 | D:5      | Entered Level 5 of the Dungeon
  2803 | D:5      | Reached XP level 7. HP: 43/43 MP: 7/7
  2823 | D:5      | Noticed an ogre
  2828 | D:5      | Killed an ogre
  2828 | D:5      | Reached skill level 7 in Crossbows
  2934 | D:5      | Acquired Okawaru's first power
  2934 | D:5      | Reached skill level 1 in Axes
  3077 | D:5      | Noticed an ice beast
  3162 | D:6      | Noticed Grinder
  3357 | D:5      | Slain by an orc warrior

Action                   |  1- 3 |  4- 6 |  7- 9 || total
-------------------------+-------+-------+-------++-------
Melee: Hand axe          |       |    30 |    13 ||    43
 Fire: Crossbow          |    44 |   156 |    27 ||   227
       Blowgun           |       |       |    11 ||    11
 Abil: Dig               |       |     1 |       ||     1
  Use: Potion            |       |       |     2 ||     2
